Description

Mech is coming!

Replay - Miszu v MoWjAhEeD - Ruins of Endion

Build Order

Get SALT Encoding   

  12  0:00  SCV  
  13  0:12  SCV  
  14  0:17  Supply Depot  
  14  0:25  SCV  
  15  0:39  SCV  
  15  0:40  Barracks  
  16  0:46  Refinery  
  16  0:51  SCV  
  17  1:03  SCV  
  18  1:15  SCV  
  19  1:28  Orbital Command  
  19  1:32  Reaper  
  20  1:46  Command Center  
  20  1:54  SCV  
  20  1:57  Supply Depot  
  21  2:04  Barracks Reactor  
  21  2:06  SCV  
  22  2:18  SCV  
  23  2:26  Factory  
  23  2:30  SCV  
  23  2:31  Refinery  
  24  2:42  SCV  
  25  2:45  Marine  
  25  2:46  Marine  
  26  2:55  SCV  
  27  3:00  Orbital Command  
  27  3:03  Marine x2  
  29  3:06  Bunker  
  29  3:08  SCV  
  30  3:12  Starport  
  30  3:13  Supply Depot, Factory Tech Lab  
  30  3:20  SCV  
  30  3:26  SCV  
  32  3:33  SCV  
  33  3:38  SCV  
  33  3:39  Hellion x2  
  38  3:45  SCV  
  39  3:50  SCV  
  39  3:52  Armory  
  39  3:54  Banshee  
  43  3:59  SCV  
  43  4:00  Cloaking Field  
  43  4:01  Hellion  
  43  4:02  SCV  
  47  4:08  Hellion  
  49  4:11  Supply Depot  
  49  4:13  Supply Depot  
  49  4:14  SCV x2  
  51  4:22  Hellion  
  53  4:26  SCV  
  54  4:33  Hellion, SCV  
  54  4:37  Supply Depot, Banshee  
  60  4:40  SCV  
  60  4:41  Terran Vehicle Weapons Level 1  
  60  4:45  SCV  
  63  4:52  SCV  
  63  4:57  SCV  
  64  5:01  Hellion x4  
  64  5:05  SCV  
  65  5:09  Refinery, SCV  
  65  5:10  Refinery  
  65  5:12  Command Center  
  66  5:15  Factory  
  66  5:16  Factory  
  66  5:17  SCV  
  67  5:21  SCV  
  67  5:23  Supply Depot  
  67  5:25  Supply Depot  
  67  5:27  Barracks Tech Lab  
  68  5:29  SCV  
  68  5:33  SCV  
  64  5:47  Bunker  
  64  5:57  Hellion x2  
  64  5:59  Raven  
  64  6:01  Factory Tech Lab  
  70  6:08  SCV x2  
  72  6:17  Supply Depot  
  72  6:20  Siege Tank x2, Hellion  
  72  6:21  Hellion  
  82  6:26  Factory  
  82  6:27  Command Center  
  82  6:32  SCV x2  
  84  6:42  Terran Vehicle Weapons Level 2  
  84  6:44  SCV x2  
  84  6:46  Engineering Bay  
  86  6:48  Refinery  
  86  6:50  Refinery  
  86  6:59  Orbital Command  
  86  7:00  SCV x2  
  88  7:08  Starport  
  88  7:09  Factory  
  88  7:12  Banshee  
  88  7:14  Hellbat x2, Factory Reactor  
  95  7:18  SCV x2  
  97  7:23  Missile Turret  
  97  7:25  Missile Turret  
  97  7:30  Supply Depot, SCV  
  97  7:31  Missile Turret  
  97  7:32  Supply Depot  
  97  7:34  Missile Turret  
  97  7:35  Missile Turret  
  99  7:37  SCV x2  
  99  7:41  Supply Depot, Thor  
  99  7:42  SCV  
  107  7:46  Thor  
  107  7:50  Orbital Command  
  113  7:52  SCV  
  113  7:53  Starport Reactor  
  114  7:59  Factory Tech Lab  
  114  8:05  SCV x2  
  114  8:06  Raven, SCV  
  114  8:11  Supply Depot  
  114  8:12  Hellbat x4  
  127  8:13  Missile Turret  
  127  8:14  Infernal Pre-Igniter  
  127  8:21  SCV x3  
  127  8:25  Armory  
  130  8:35  Hellbat x3  
  130  8:37  Siege Tank  
  130  8:38  Siege Tank x2  
  130  8:40  Viking  
  147  8:43  Orbital Command  
  147  8:49  SCV x3  
  150  8:57  Supply Depot  
  150  8:59  Supply Depot, Terran Vehicle Weapons Level 3  
  150  9:01  Supply Depot, Refinery  
  150  9:02  Refinery  
  150  9:03  Supply Depot  
  150  9:04  Missile Turret, Viking  
  150  9:06  Banshee  
  150  9:08  SCV  
  150  9:09  SCV x2  
  158  9:13  Viking  
  158  9:15  Hellbat x2  
  164  9:19  Hellbat  
  166  9:24  Supply Depot x2  
  166  9:25  Supply Depot, Terran Ship Weapons Level 1  
  166  9:29  Hellbat, Siege Tank  
  171  9:39  SCV  
  171  9:41  Command Center  
  172  9:48  Widow Mine x3  
  172  9:49  Drilling Claws, Liberator  
  178  9:54  Thor, Siege Tank  
  178  9:56  Viking  
  178  9:59  SCV x2  
  192  10:00  SCV  
Spawning Tool Build Advisor. Get it on Overwolf

Go to:

Details

  • Created by: PeterLiu
  • Published on: Sep 06, 2016
  • Modified on: Sep 06, 2016
  • Patch: Pre-3.8.0
Show
View Real Time Build Order
Export as new Build Order

Comments (0)

There are no comments. Be the first!

Create an account to comment!